3L
RICHARDSON CITY THUNDERCATS @ NORTHERN VIRGINIA RETRIEVERS
08/10/2019
 
TOP OF THE 1ST
Richardson City Thundercats batting - Pitching for Northern Virginia Retrievers : RHP Henry Hall
Pitching: RHP Henry Hall
Batting: RHB Charles Jordan 0-0: Ball
1-0: Called Strike
1-1: Called Strike
1-2: Foul Ball, location: 2F
1-2: Ball
2-2: Ball
3-2: Ground out 4-3 (Groundball, 4)
Batting: RHB Joey Jones 0-0: Ball
1-0: Ball
2-0: Foul Ball, location: 2F
2-1: Foul Ball, location: 2F
2-2: Foul Ball, location: 2F
2-2: Ball
3-2: Base on Balls
Batting: LHB Terrence Eler 0-0: Ball
1-0: Ball
2-0: Swinging Strike
2-1: Foul Ball, location: 2F
2-2: Strikes out swinging
Batting: LHB Andrés Ibarra 0-0: Called Strike
0-1: Called Strike
Joey Jones steals 2nd base
0-2: Foul Ball, location: 2F
0-2: Foul Ball, location: 2F
0-2: Ball
1-2: Ground out 4-3 (Groundball, 4M)
Top of the 1st over - 0 run(s), 0 hit(s), 0 error(s), 1 left on base; Richardson City 0 - Northern Virginia 0
BOTTOM OF THE 1ST
Northern Virginia Retrievers batting - Pitching for Richardson City Thundercats : RHP Cordell Wilson
Pitching: RHP Cordell Wilson
Batting: RHB Ed Anderson 0-0: Ball
1-0: Ground out 6-3 (Groundball, 6)
Batting: LHB Ye Der 0-0: Called Strike
0-1: Ground out U3 (Groundball, 3)
Batting: LHB Roberto Salazar 0-0: Called Strike
0-1: Ball
1-1: Called Strike
1-2: Foul Ball, location: 2F
1-2: SINGLE (Groundball, 56D)
Batting: LHB John Robertson 0-0: Ball
1-0: Ball
2-0: Called Strike
2-1: Ball
3-1: 2-RUN HOME RUN (Flyball, 9D), Distance : 371 ft
Batting: RHB Kurt Chappell 0-0: Ball
1-0: Ball
2-0: Swinging Strike
2-1: Swinging Strike
2-2: Strikes out swinging
Bottom of the 1st over - 2 run(s), 2 hit(s), 0 error(s), 0 left on base; Richardson City 0 - Northern Virginia 2
TOP OF THE 2ND
Richardson City Thundercats batting - Pitching for Northern Virginia Retrievers : RHP Henry Hall
Batting: RHB Jorge Gómez 0-0: Called Strike
0-1: Called Strike
0-2: Ball
1-2: Fly out, F9 (Line Drive, 9LM)
Batting: RHB Robert O'Connor 0-0: Called Strike
0-1: Ball
1-1: Ground out 4-3 (Groundball, 4M)
Batting: RHB Manuel Romo 0-0: Ball
1-0: Swinging Strike
1-1: Called Strike
1-2: Strikes out swinging
Top of the 2nd over - 0 run(s), 0 hit(s), 0 error(s), 0 left on base; Richardson City 0 - Northern Virginia 2
BOTTOM OF THE 2ND
Northern Virginia Retrievers batting - Pitching for Richardson City Thundercats : RHP Cordell Wilson
Batting: LHB Vance Cannon 0-0: Ball
1-0: Ball
2-0: Ball
3-0: Called Strike
3-1: SINGLE (Flyball, 7S)
Batting: RHB Donald Stanley 0-0: Called Strike
0-1: Ground out 5-3 (Groundball, 56S)
Vance Cannon to second
Batting: LHB Rick Watson 0-0: Called Strike
0-1: Called Strike
0-2: Ball
1-2: Ball
2-2: Ball
3-2: Ground out 4-3 (Groundball, 34)
Vance Cannon to third
Batting: RHB Henry Hall 0-0: Foul Ball, location: 2F
0-1: Foul Ball, location: 2F
0-2: Strikes out swinging
Bottom of the 2nd over - 0 run(s), 1 hit(s), 0 error(s), 1 left on base; Richardson City 0 - Northern Virginia 2
TOP OF THE 3RD
Richardson City Thundercats batting - Pitching for Northern Virginia Retrievers : RHP Henry Hall
Batting: RHB Cordell Wilson 0-0: Ball
1-0: Ball
2-0: Called Strike
2-1: Ground out 5-3 (Groundball, 56)
Batting: RHB Ray Porch 0-0: Called Strike
0-1: Reached on error, E6 (Groundball, 6M)
Batting: RHB Charles Jordan 0-0: Ball
1-0: Ball
2-0: Swinging Strike
2-1: Ball
3-1: Fly out, F9 (Line Drive, 9M)
Batting: RHB Joey Jones 0-0: Called Strike
0-1: Swinging Strike
0-2: Ball
1-2: Foul Ball, location: 2F
1-2: Strikes out looking
Top of the 3rd over - 0 run(s), 0 hit(s), 1 error(s), 1 left on base; Richardson City 0 - Northern Virginia 2
BOTTOM OF THE 3RD
Northern Virginia Retrievers batting - Pitching for Richardson City Thundercats : RHP Cordell Wilson
Batting: RHB Ed Anderson 0-0: Ball
1-0: Called Strike
1-1: Foul Ball, location: 2F
1-2: Foul Ball, location: 2F
1-2: Ball
2-2: Strikes out looking
Batting: LHB Ye Der 0-0: Foul Ball, location: 2F
0-1: Ground out U3 (Groundball, 3)
Batting: LHB Roberto Salazar 0-0: Ball
1-0: Ball
2-0: Called Strike
2-1: SINGLE (Line Drive, 89S)
Batting: LHB John Robertson 0-0: Ball
Roberto Salazar steals 2nd base
1-0: Called Strike
1-1: SINGLE (Line Drive, 34D)
Roberto Salazar to third
Runner from 3rd tries for Home, SAFE, no throw or cutoff
Batting: RHB Kurt Chappell 0-0: Ball
1-0: Called Strike
1-1: Called Strike
1-2: Foul Ball, location: 2F
1-2: Strikes out swinging
Bottom of the 3rd over - 1 run(s), 2 hit(s), 0 error(s), 1 left on base; Richardson City 0 - Northern Virginia 3
TOP OF THE 4TH
Richardson City Thundercats batting - Pitching for Northern Virginia Retrievers : RHP Henry Hall
Batting: LHB Terrence Eler 0-0: Foul Ball, location: 2F
0-1: Ground out 4-3 (Groundball, 4)
Batting: LHB Andrés Ibarra 0-0: Ball
1-0: Swinging Strike
1-1: Swinging Strike
1-2: Foul Ball, location: 2F
1-2: Strikes out looking
Batting: RHB Jorge Gómez 0-0: Foul Ball, location: 2F
0-1: Called Strike
0-2: Ground out 5-3 (Groundball, 5)
Top of the 4th over - 0 run(s), 0 hit(s), 0 error(s), 0 left on base; Richardson City 0 - Northern Virginia 3
BOTTOM OF THE 4TH
Northern Virginia Retrievers batting - Pitching for Richardson City Thundercats : RHP Cordell Wilson
Batting: LHB Vance Cannon 0-0: Ball
1-0: Foul Ball, location: 2F
1-1: Swinging Strike
1-2: Strikes out looking
Batting: RHB Donald Stanley 0-0: Ball
1-0: Swinging Strike
1-1: Foul Ball, location: 2F
1-2: Ball
2-2: Fly out, F8 (Flyball, 8RD)
Batting: LHB Rick Watson 0-0: Ball
1-0: Called Strike
1-1: Ball
2-1: Foul Ball, location: 2F
2-2: SINGLE (Groundball, 5D)
Batting: RHB Henry Hall 0-0: Ball
1-0: SINGLE (Line Drive, 7S)
Rick Watson to second
Batting: RHB Ed Anderson 0-0: Called Strike
0-1: Foul Ball, location: 2F
0-2: Foul Ball, location: 2F
0-2: Ground out 5-3 (Groundball, 5)
Bottom of the 4th over - 0 run(s), 2 hit(s), 0 error(s), 2 left on base; Richardson City 0 - Northern Virginia 3
TOP OF THE 5TH
Richardson City Thundercats batting - Pitching for Northern Virginia Retrievers : RHP Henry Hall
Batting: RHB Robert O'Connor 0-0: Swinging Strike
0-1: Ball
1-1: Swinging Strike
1-2: Strikes out swinging
Batting: RHB Manuel Romo 0-0: Fly out, F5 (Line Drive, 5)
Batting: RHB Cordell Wilson 0-0: Called Strike
0-1: Ball
1-1: Fly out, F8 (Flyball, 8LM)
Top of the 5th over - 0 run(s), 0 hit(s), 0 error(s), 0 left on base; Richardson City 0 - Northern Virginia 3
BOTTOM OF THE 5TH
Northern Virginia Retrievers batting - Pitching for Richardson City Thundercats : RHP Cordell Wilson
Batting: LHB Ye Der 0-0: Ball
1-0: Foul Ball, location: 2F
1-1: Ball
2-1: Swinging Strike
2-2: Ball
3-2: Ground out 5-3 (Groundball, 56S)
Batting: LHB Roberto Salazar 0-0: Fly out, F6 (Popup, 6D)
Batting: LHB John Robertson 0-0: Foul Ball, location: 2F
0-1: Ball
1-1: Foul Ball, location: 2F
1-2: Ball
2-2: Foul Ball, location: 2F
2-2: Foul Ball, location: 2F
2-2: Ball
3-2: DOUBLE (Flyball, 7LD)
Batting: RHB Kurt Chappell 0-0: Ball
1-0: Fly out, F9 (Flyball, 9M)
Bottom of the 5th over - 0 run(s), 1 hit(s), 0 error(s), 1 left on base; Richardson City 0 - Northern Virginia 3
TOP OF THE 6TH
Richardson City Thundercats batting - Pitching for Northern Virginia Retrievers : RHP Henry Hall
Batting: RHB Ray Porch 0-0: Ball
1-0: Fly out, F9 (Flyball, 89S)
Batting: RHB Charles Jordan 0-0: Called Strike
0-1: Ball
1-1: Swinging Strike
1-2: Foul Ball, location: 2F
1-2: Fly out, F8 (Flyball, 8RM)
Batting: RHB Joey Jones 0-0: Called Strike
0-1: Foul Ball, location: 2F
0-2: Fly out, F8 (Flyball, 8RM)
Top of the 6th over - 0 run(s), 0 hit(s), 0 error(s), 0 left on base; Richardson City 0 - Northern Virginia 3
BOTTOM OF THE 6TH
Northern Virginia Retrievers batting - Pitching for Richardson City Thundercats : RHP Cordell Wilson
Batting: LHB Vance Cannon 0-0: Ball
1-0: Fly out, F8 (Flyball, 8LD)
Batting: RHB Donald Stanley 0-0: Foul Ball, location: 2F
0-1: Ball
1-1: Reached on error, E1 (Groundball, 25)
Batting: LHB Rick Watson 0-0: Called Strike
0-1: Ball
1-1: Called Strike
1-2: Strikes out swinging
Batting: RHB Henry Hall 0-0: Called Strike
0-1: Ball
1-1: Fly out, F8 (Flyball, 8LD)
Bottom of the 6th over - 0 run(s), 0 hit(s), 1 error(s), 1 left on base; Richardson City 0 - Northern Virginia 3
TOP OF THE 7TH
Richardson City Thundercats batting - Pitching for Northern Virginia Retrievers : RHP Henry Hall
Batting: LHB Terrence Eler 0-0: Ball
1-0: Foul Ball, location: 2F
1-1: Ground out 1-3 (Groundball, 25)
Batting: LHB Andrés Ibarra 0-0: Foul Ball, location: 2F
0-1: Ball
1-1: Called Strike
1-2: Strikes out swinging
Batting: RHB Jorge Gómez 0-0: Ground out 5-3 (Groundball, 5S)
Top of the 7th over - 0 run(s), 0 hit(s), 0 error(s), 0 left on base; Richardson City 0 - Northern Virginia 3
BOTTOM OF THE 7TH
Northern Virginia Retrievers batting - Pitching for Richardson City Thundercats : RHP Cordell Wilson
Batting: RHB Ed Anderson 0-0: Called Strike
0-1: SINGLE (Line Drive, 5D)
Batting: LHB Ye Der 0-0: Foul Ball, location: 2F
0-1: Fielders Choice at 2nd, U4 (Groundball, 4M)
Batting: LHB Roberto Salazar 0-0: Foul Ball, location: 2F
0-1: Grounds into double play, 6-4-3 (Groundball, 6)
Bottom of the 7th over - 0 run(s), 1 hit(s), 0 error(s), 0 left on base; Richardson City 0 - Northern Virginia 3
TOP OF THE 8TH
Richardson City Thundercats batting - Pitching for Northern Virginia Retrievers : RHP Henry Hall
Now in CF: Enrique Echevarría
Batting: RHB Robert O'Connor 0-0: Ball
1-0: Foul Ball, location: 2F
1-1: Called Strike
1-2: Foul Ball, location: 2F
1-2: SINGLE (Groundball, 56) (infield hit)
Batting: RHB Manuel Romo 0-0: Grounds into double play, U6-3 (Groundball, 6)
Pinch Hitting: RHB Edmund Gallagher 0-0: Ball
1-0: Fly out, F7 (Flyball, 7M)
Top of the 8th over - 0 run(s), 1 hit(s), 0 error(s), 0 left on base; Richardson City 0 - Northern Virginia 3
BOTTOM OF THE 8TH
Northern Virginia Retrievers batting - Pitching for Richardson City Thundercats : RHP Cordell Wilson
Pitching: RHP Dick Rasmussen
Batting: LHB John Robertson 0-0: Foul Ball, location: 2F
0-1: SINGLE (Groundball, 34D)
Batting: RHB Kurt Chappell 0-0: Grounds into double play, 6-4-3 (Groundball, 56)
Batting: LHB Vance Cannon 0-0: Foul Ball, location: 2F
0-1: DOUBLE (Line Drive, 89D)
Batting: RHB Donald Stanley 0-0: Called Strike
0-1: Ball
1-1: Swinging Strike
1-2: Strikes out swinging
Bottom of the 8th over - 0 run(s), 2 hit(s), 0 error(s), 1 left on base; Richardson City 0 - Northern Virginia 3
TOP OF THE 9TH
Richardson City Thundercats batting - Pitching for Northern Virginia Retrievers : RHP Henry Hall
Pitching: RHP Lou Hartling
Now at 1B: Micheal Murdoch
Batting: RHB Ray Porch 0-0: Called Strike
0-1: Fly out, F8 (Flyball, 8RS)
Batting: RHB Charles Jordan 0-0: Ball
1-0: Swinging Strike
1-1: Foul Ball, location: 2F
1-2: Foul Ball, location: 2F
1-2: Ball
2-2: Ball
3-2: Fly out, F7 (Flyball, 7S)
Batting: RHB Joey Jones 0-0: Foul Ball, location: 2F
0-1: Ball
1-1: Ball
2-1: Fly out, F3 (Popup, 34S)
Top of the 9th over - 0 run(s), 0 hit(s), 0 error(s), 0 left on base; Richardson City 0 - Northern Virginia 3
This league is powered by Out of the Park Baseball, the baseball management simulation game for PC, Mac and Linux
Saturday, July 25th, 2015 - OOTP Baseball 15.6 Build 34